 Dungeon Crawl Stone Soup version 0.30-a0-867-g305f33218d (webtiles) character file.

Game seed: 9565953055698349094

114 Rocko1345 the Trooper (level 4, -1/41 HPs)
             Began as a Minotaur Monk on Mar 11, 2023.
             Was a Plaything of Xom.
             Killed from afar by an orc wizard (6 damage)
             ... with a puff of flame
             ... on level 3 of the Dungeon.
             The game lasted 00:06:05 (1655 turns).

Rocko1345 the Trooper (Minotaur Monk)               Turns: 1655, Time: 00:06:06

Health: -1/41      AC:  6    Str: 20    XL:     4   Next: 66%
Magic:  0/0        EV: 11    Int: 15    God:    Xom [.....*]
Gold:   137        SH:  5    Dex:  8    Spells: 3/3 levels left

rFire   x . .      SeeInvis .    l - +2 hand axe (heavy)
rCold   + . .      Faith    .    (no shield)
rNeg    . . .      Spirit   .    d - +0 ring mail
rPois   .          Reflect  +    (helmet restricted)
rElec   .          Rampage  .    q - +0 cloak {Will+}
rCorr   .                        (no gloves)
Will    ++...                    (no boots)
Stlth   +                        g - amulet of reflection
HPRegen 0.26/turn                h - ring of the Stag {Ice MP-9 Str+2 Int+8 Dex-4}
MPRegen 0.07/turn                o - ring of willpower

@: no status effects
A: horns 2, retaliatory headbutt
a: Renounce Religion


You were on level 3 of the Dungeon.
You worshipped Xom.
You were Xom's teddy bear.
You visited 1 branch of the dungeon, and saw 3 of its levels.

You collected 137 gold pieces.

Inventory:

Hand Weapons
 a - a +0 hand axe
 l - a +2 heavy hand axe (weapon)
Armour
 b - a +0 robe
 d - a +0 ring mail (worn)
 q - a +0 cloak of willpower (worn)
Jewellery
 g - an amulet of reflection (around neck)
 h - the ring of the Stag (left hand) {Ice MP-9 Str+2 Int+8 Dex-4}
   (Xom gifted it to you on level 1 of the Dungeon)

   [ring of ice]

   It enhances your ice magic.
   Str:       It affects your strength (+2).
   Int:       It affects your intelligence (+8).
   Dex:       It affects your dexterity (-4).
   rF:        It makes you vulnerable to fire.
   rC:        It protects you from cold.
   MP:        It affects your magic capacity (-9).
 o - a ring of willpower (right hand)
Scrolls
 k - a scroll of noise {unknown}
 n - a scroll of enchant weapon {unknown}
 p - a scroll of teleportation {unknown}
Potions
 c - a potion of ambrosia
 e - a potion of heal wounds {unknown}
 f - 2 potions of might
 i - 3 potions of flight
 j - a potion of lignification {unknown}
 m - 2 potions of curing {unknown}


   Skills:
 + Level 4.8 Fighting
 + Level 4.7 Axes
 * Level 1.3 Armour
 + Level 4.0 Dodging
 + Level 1.6 Stealth
 + Level 0.3 Shields


You had 3 spell levels left.
You didn't know any spells.
Your spell library was empty.

Dungeon Overview and Level Annotations

Branches:
Dungeon (3/15)

Altars:
Cheibriados
Xom


Innate Abilities, Weirdness & Mutations

You have a pair of horns on your head.
You reflexively headbutt those who attack you in melee.


Message History

The slug dart hits you.
Things that are here:
a +0 dagger; a goblin corpse You slash the dart slug!
You kill the dart slug!
An orc wizard comes into view. It is wielding a +0 dagger.
An orc comes into view. It is wielding a +0 war axe.
You see here a dart slug corpse.
The orc hits you with a +0 flail.
You slash the orc!
You kill the orc!
The orc shouts!
The orc wizard shouts! "Hum-dee-hum-dee-hum..."
The orc suddenly stops moving!
You see here a +0 flail.
There is an escape hatch in the ceiling here.
The orc wizard closely misses you.
You hit the orc wizard.
The orc wizard is lightly wounded.
The orc wizard points at you and mumbles some strange words.
The puff of flame hits you!! The fire burns you terribly!
Xom thinks this is hilarious!
Ouch! That really hurt!
The orc wizard completely misses you.
You slash the orc wizard!
The orc wizard is severely wounded.
The orc wizard hits you with a +0 dagger.
The orc wizard points at you and mumbles some strange words.
The puff of flame hits you! The fire burns you terribly!
Xom roars with laughter!
* * * LOW HITPOINT WARNING * * *
Okay, then.
You hit the orc wizard.
The orc wizard is almost dead.
The orc wizard closely misses you.
You closely miss the orc wizard. Your headbutt misses the orc wizard.
The orc wizard is almost dead.
The orc wizard points at you and mumbles some strange words.
The puff of flame hits you. The fire burns you terribly!
You die...

..# ### ..# #$. #.#
..###.# #.# .$..###.#
.. ####$.##.#####...#
#...<.)†.......#
##..##......#).<#####
.......<######.@#
.....#.## #.o#
####... #..!# ##..
#..... #.# ###.##o #.
.# . #. .# #. ..


You could see an orc wizard.

Vanquished Creatures
  5 adders (D:2)
  A dart slug (D:3)
  5 orcs
  7 endoplasms
  4 giant cockroaches
  6 goblins
  8 hobgoblins
  3 quokkas (D:1)
  6 ball pythons
  5 frilled lizards (D:1)
  6 kobolds
  A rat (D:2)
57 creatures vanquished.

Vanquished Creatures (others)
  2 plants (D:1)
2 creatures vanquished.

Grand Total: 59 creatures vanquished

Notes
Turn   | Place    | Note
-------+----------+-------------------------------------------
     0 | D:1      | Rocko1345 the Minotaur Monk began the quest for the Orb.
     0 | D:1      | Reached XP level 1. HP: 19/19 MP: 0/0
    87 | D:1      | Found a faded altar of an unknown god.
   107 | D:1      | Reached XP level 2. HP: 24/27 MP: 1/1
   127 | D:1      | Prayed at the altar of an unknown god.
   127 | D:1      | Became a worshipper of Xom of Chaos
   132 | D:1      | You fall into a shaft and drop 1 floor!
   132 | D:2      | Found a snail-covered altar of Cheibriados.
   193 | D:2      | Reached XP level 3. HP: 30/33 MP: 2/2
   751 | D:2      | XOM: divination: magic mapping
   776 | D:2      | Reached XP level 4. HP: 41/41 MP: 3/3
   852 | D:2      | XOM: silly message
   907 | D:2      | XOM: scenery: 2 doors close
  1061 | D:1      | Identified the ring of the Stag {Ice MP-9 Str+2 Int+8
                  | Dex-4} (Xom gifted it to you on level 1 of the Dungeon)
  1061 | D:1      | XOM: god gift: ring of the Stag {Ice MP-9 Str+2 Int+8
                  | Dex-4}
  1275 | D:1      | Reached skill level 1 in Armour
  1391 | D:1      | XOM: god gift: +0 cloak of willpower
  1515 | D:1      | XOM: god gift: 46 gold pieces
  1648 | D:3      | XOM: enchant monster (good)
  1655 | D:3      | Killed from afar by an orc wizard

Illustrated notes

Levels and vault maps discovered:
D:1:      eino_arrival_water_cross, layout_basic,
          hellmonk_ecumenical_altar_crossroads
D:2:      layout_loops_corners, basic_altar
D:3:      layout_rooms, uniq_crazy_yiuf_cottage

Skill      XL: |  1  2  3  4 |
---------------+-------------+-----
Fighting       | 4 |  4.8
Axes           | 4 |  4.7
Dodging        | 4 |  4.0
Armour         | 1 |  1.3
Stealth        | |  1.6
Shields        | |  0.3

Action                     |  1- 3 |  4- 6 || total
---------------------------+-------+-------++-------
  Melee: Hand axe          |    69 |    41 ||   110
         Headbutt          |    10 |     4 ||    14
    Use: Scroll            |       |     2 ||     2
 Armour: Ring mail         |    27 |     8 ||    35
         Robe              |     1 |       ||     1
  Dodge: Dodged            |    39 |    23 ||    62
  Block: Other             |    13 |     7 ||    20

Table legend: (Time is in decaauts)
 A = Elapsed time spent in this place.
 B = Non-inter-level travel time spent in this place.
 C = Inter-level travel time spent in this place.
 D = Time resting spent in this place.
 E = Time spent auto-exploring this place.
 F = Levels seen in this place.
 G = Mean time per level.
                   A        B        C        D        E       F      G
               +--------+--------+--------+--------+--------+-----+--------+
         Total |   1680 |   1579 |    101 |      8 |   1123 |   3 |  560.0 |
       Dungeon |   1680 |   1579 |    101 |      8 |   1123 |   3 |  560.0 |
               +--------+--------+--------+--------+--------+-----+--------+

Top non-repeatable levels by time:
     D:2: 880 daAuts
     D:1: 776 daAuts
     D:3: 23 daAuts
